 Dungeon Crawl Stone Soup version 0.30-a0-371-gad7725a93e (webtiles) character file.

Game seed: 7476347476666582995

1456 lunkers the Geomancer (level 9, -1/64 HPs)
             Began as a Meteoran Earth Elementalist on Nov 22, 2022.
             Was an Initiate of Ashenzari.
             Slain by an unseen horror (7 damage)
             ... on level 6 of the Dungeon.
             The game lasted 00:09:45 (2016 turns).

lunkers the Geomancer (Meteoran Earth Elementalist) Turns: 2016, Time: 00:09:45

Health: -1/64      AC:  5    Str: 11    XL:     9   Next: 25%
Magic:  1/30       EV: 13    Int: 20    God:    Ashenzari [......]
Gold:   212        SH:  0    Dex: 15    Spells: 12/22 levels left

rFire   . . .      SeeInvis .    i - +2 whip "Omniscient Lethargy" {drain, Evo, Melee} (curse)
rCold   . . .      Faith    .    (no shield)
rNeg    . . .      Spirit   .    a - +0 robe
rPois   .          Reflect  .    (no helmet)
rElec   .          Harm     .    (no cloak)
rCorr   .          Rampage  .    g - +0 pair of gloves
Will    +....                    j - +1 pair of boots
Stlth   +.........               (no amulet)
HPRegen 0.30/turn                p - ring of magical power
MPRegen 0.22/turn                (no ring)

@: glowing
A: sense surroundings 2, otherworldly, glowing, explore regen
a: Renounce Religion, Shatter the Chains


You were on level 6 of the Dungeon.
You worshipped Ashenzari.
Ashenzari was noncommittal.
You visited 2 branches of the dungeon, and saw 8 of its levels.

You collected 212 gold pieces.

Inventory:

Hand Weapons
 i - the cursed +2 whip "Omniscient Lethargy" (weapon) {drain, Evo, Melee}
   (You took it off an orc on level 3 of the Dungeon)

   A truly terrible weapon, it drains the life of any living foe it strikes.
   It has a curse which improves the following skills: Evocations: Evocations.
   Melee Combat: Short Blades, Long Blades, Axes, Maces & Flails, Polearms,
   Staves and Unarmed Combat.
Armour
 a - a +0 robe (worn)
 g - a +0 pair of gloves (worn)
 j - a +1 pair of boots (worn)
Jewellery
 e - a ring of fire
 p - a ring of magical power (left hand)
Wands
 m - a wand of mindburst (6)
Scrolls
 c - a scroll of magic mapping
 d - 2 scrolls of teleportation {unknown}
 f - 4 scrolls of enchant armour
 o - a scroll of amnesia
Potions
 b - 2 potions of magic
 h - 2 potions of attraction
 n - a potion of heal wounds
 q - a potion of mutation


   Skills:
 + Level 1.5 Fighting
 + Level 3.1 Dodging
 - Level 1.4 Stealth
 - Level 7.3 Spellcasting
 * Level 2.7 Conjurations
 - Level 1.2 Transmutations
 - Level 10.4 Earth Magic


You had 12 spell levels left.
You knew the following spells:

 Your Spells              Type           Power      Damage    Failure   Level
a - Sandblast             Erth           96%        2d20      1%          1
b - Passwall              Tmut/Erth      25%        N/A       1%          2
c - Stone Arrow           Conj/Erth      66%        3d11      1%          3
d - Petrify               Tmut/Erth      30%        N/A       9%          4

Your spell library contained the following spells:

 Spells                   Type           Power      Damage    Failure   Level
 Borgnjor's Revivificati  Necr           3%         N/A       100%        8
 Necromutation            Tmut/Necr      4%         N/A       100%        8
 Death's Door             Necr           3%         N/A       100%        9


Dungeon Overview and Level Annotations

Branches:
Dungeon (7/15) Zot: 2363   Temple (1/1) D:5 Zot: 357

Altars:
Ashenzari
Gozag
Hepliaklqana
Kikubaaqudgha
Makhleb
Nemelex Xobeh
Okawaru
Qazlal
Sif Muna
Trog
Uskayaw
Wu Jian
Xom

Annotations:
D:7 2 runed translucent doors


Innate Abilities, Weirdness & Mutations

You passively map the area around you.
You are easily found by Zot.
You glow in the dark.
You regain HP and MP as you explore.


Message History

Aiming: Stone Arrow (safe; 1% risk of failure)
Press: ? - help, Shift-Dir - straight line Something hits you.
* * * LOW HITPOINT WARNING * * *
Unknown command.
Casting: Stone Arrow (safe; 1% risk of failure)
Confirm with . or Enter, or press ? or * to list all spells.
Aiming: Stone Arrow (safe; 1% risk of failure)
Press: ? - help, Shift-Dir - straight line
* * * LOW MAGIC WARNING * * *
Something hits you but does no damage.
Casting: Stone Arrow (safe; 1% risk of failure)
Confirm with . or Enter, or press ? or * to list all spells.
Aiming: Stone Arrow (safe; 1% risk of failure)
Press: ? - help, Shift-Dir - straight line
* * * LOW MAGIC WARNING * * *
Something hits you.
* * * LOW HITPOINT WARNING * * *
Something hits you.
* * * LOW HITPOINT WARNING * * *
Casting: Stone Arrow (safe; 1% risk of failure)
Confirm with . or Enter, or press ? or * to list all spells.
Aiming: Stone Arrow (safe; 1% risk of failure)
Press: ? - help, Shift-Dir - straight line
* * * LOW MAGIC WARNING * * *
Something hits you.
* * * LOW HITPOINT WARNING * * *
Something hits you.
* * * LOW HITPOINT WARNING * * *
Unknown command.
Aiming: Sandblast (safe; 1% risk of failure)
Press: ? - help, Q - select action, (/) - cycle Shift-Dir - straight line The blast of sand hits something!
* * * LOW MAGIC WARNING * * *
Something hits you.
* * * LOW HITPOINT WARNING * * *
Something hits you.
* * * LOW HITPOINT WARNING * * *
Something hits you!
You die...

..., , #.....# .#..
* , * #.# ,
#.....###.#. . ..#
*** ** #.......#..*
*:#* , ,
,#######.#.#, .#, ,
* ** #.#.#.#.#.# .#
, ,,, ,
#.#.#.#.....#.#, *,
** * #.#.#.#.###..##
* * , ,
#.#.#.#.#.....# * *
, #.#.#.#@#.###..#
*, * ,, *
#.#.#.#)....##..# *
#.#.#.>...#.#*$(.#**
,* #.#<.).)#.#...
..., * ,
#.......#.#*### ..*
** #########.# ** ,,
,, , , , ..# * * *
*** ###


There were no monsters in sight!

Vanquished Creatures
  A troll (D:6)
  Grinder (D:3)
  A water moccasin (D:5)
  An orc warrior (D:6)
  Pargi (D:3)
  An ice beast (D:6)
  An ogre (D:5)
  2 bullfrogs (D:6)
  2 scorpions (D:5)
  3 hounds
  An orc priest (D:5)
  An iguana (D:5)
  2 orc wizards
  8 adders
  2 dart slugs
  16 orcs
  4 endoplasms
  A giant cockroach (D:3)
  3 hobgoblins
  2 jackals (D:1)
  4 kobolds
  3 quokkas
  3 ball pythons
  A frilled lizard (D:1)
  2 goblins
  A rat (D:3)
68 creatures vanquished.

Vanquished Creatures (others)
  A fungus (D:5)
1 creature vanquished.

Grand Total: 69 creatures vanquished

Notes
Turn   | Place    | Note
-------+----------+-------------------------------------------
     0 | D:1      | lunkers the Meteoran Earth Elementalist began the quest for
                  | the Orb.
     0 | D:1      | Reached XP level 1. HP: 14/14 MP: 5/5
    80 | D:1      | Reached XP level 2. HP: 20/20 MP: 2/6
    82 | D:1      | Reached skill level 4 in Earth Magic
   361 | D:2      | Learned a level 2 spell: Passwall
   463 | D:2      | Reached XP level 3. HP: 26/26 MP: 6/8
   478 | D:2      | Found a faded altar of an unknown god.
   641 | D:3      | Noticed Pargi
   647 | D:3      | Killed Pargi
   648 | D:3      | Reached skill level 5 in Earth Magic
   648 | D:3      | Reached XP level 4. HP: 23/33 MP: 3/11
   648 | D:3      | Reached XP level 5. HP: 26/38 MP: 3/12
   716 | D:3      | Noticed Grinder
   725 | D:3      | Killed Grinder
   726 | D:3      | Reached skill level 5 in Spellcasting
   726 | D:3      | Reached skill level 7 in Earth Magic
   726 | D:3      | Reached XP level 6. HP: 31/45 MP: 7/14
   726 | D:3      | Reached XP level 7. HP: 35/50 MP: 7/15
   934 | D:5      | Entered Level 5 of the Dungeon
   937 | D:5      | Found a shimmering blue altar of Sif Muna.
  1132 | D:5      | Learned a level 3 spell: Stone Arrow
  1173 | D:5      | Reached skill level 8 in Earth Magic
  1201 | D:5      | Noticed a water moccasin
  1203 | D:5      | Killed a water moccasin
  1204 | D:5      | Reached XP level 8. HP: 57/57 MP: 9/18
  1227 | D:5      | Reached skill level 9 in Earth Magic
  1241 | D:5      | Found a staircase to the Ecumenical Temple.
  1249 | Temple   | Entered the Ecumenical Temple
  1348 | Temple   | Became a worshipper of Ashenzari the Shackled
  1408 | Temple   | Learned a level 4 spell: Petrify
  1907 | D:7      | Reached skill level 10 in Earth Magic
  1924 | D:7      | Found a runed translucent gate.
  1924 | D:7      | Found a runed translucent gate.
  1980 | D:6      | Gained mutation: You passively map the area around you.
                  | [Meteoran growth]
  1980 | D:6      | Reached XP level 9. HP: 31/62 MP: 18/20
  1982 | D:6      | Noticed a troll
  1994 | D:6      | Killed a troll
  1995 | D:6      | Reached skill level 1 in Fighting
  2016 | D:6      | Slain by an unseen horror

Illustrated notes

Levels and vault maps discovered:
D:1:      lightli_arrival_statuegarden, layout_loops_ring, st_stairs_6,
          minmay_pentomino_v2
D:2:      layout_loops_corners, chequers_ecumenical_altar_island,
          chequers_serial_rivers_large_a, grunt_ministairs_10
D:3:      minmay_spotlight, layout_basic, gammafunk_temple_overflow_forgotten,
          gammafunk_ghost_abyssal_escape, uniq_grinder, uniq_pargi
D:4:      layout_loops_ring, nicolae_ru_great_annihilating_truth,
          cheibrodos_worm_habitat
D:5:      layout_rooms, mainiacjoe_overflow_cross_hatched,
          minmay_temple_entry_gardened_gates
D:6:      layout_basic, serial_shops, nicolae_diamond_shop, minmay_crystal_room,
          grunt_decor_junction, minmay_manual_mail
D:7:      layout_gridville, enter_bailey_2, gammafunk_ghost_necromancy,
          minmay_shop_grid_forest
Temple:   nicolae_temple_godzebo

Skill      XL: |  1  2  3  4  5  6  7  8  9 |
---------------+----------------------------+-----
Earth Magic    | 4 5 7 8 10 | 10.4
Spellcasting   | 3 4 5 6 7 |  7.3
Fighting       | 1 |  1.5
Dodging        | 3 |  3.1
Conjurations   | 2 |  2.7
Stealth        | |  1.4
Transmutations | |  1.2

Action                   |  1- 3 |  4- 6 |  7- 9 || total
-------------------------+-------+-------+-------++-------
 Cast: Sandblast         |    32 |     8 |    75 ||   115
       Stone Arrow       |       |       |    24 ||    24
Invok: Curse Item        |       |       |     1 ||     1
  Use: Scroll            |       |       |     9 ||     9
Armor: Robe              |     1 |       |    20 ||    21
Dodge: Dodged            |     9 |       |    37 ||    46

Table legend: (Time is in decaauts)
 A = Elapsed time spent in this place.
 B = Non-inter-level travel time spent in this place.
 C = Inter-level travel time spent in this place.
 D = Time resting spent in this place.
 E = Time spent auto-exploring this place.
 F = Levels seen in this place.
 G = Mean time per level.
                   A        B        C        D        E       F      G
               +--------+--------+--------+--------+--------+-----+--------+
         Total |   2077 |   1900 |    177 |    101 |   1177 |   8 |  259.6 |
       Dungeon |   1834 |   1683 |    151 |      0 |   1101 |   7 |  262.0 |
        Temple |    242 |    216 |     26 |    101 |     76 |   1 |  242.0 |
               +--------+--------+--------+--------+--------+-----+--------+

Top non-repeatable levels by time:
     D:6: 456 daAuts
     D:2: 317 daAuts
     D:4: 303 daAuts
     D:5: 264 daAuts
     D:1: 250 daAuts
  Temple: 242 daAuts
     D:3: 188 daAuts
     D:7: 54 daAuts
